 Dungeon Crawl Stone Soup version 0.30-a0-358-g0d69a1922f (webtiles) character file.

Game seed: 6374514901705424324

630 Maxmaps the Insei (level 7, 0/52 HPs)
             Began as an Octopode Monk on Nov 10, 2022.
             Slain by an ice beast (1 damage)
             ... on level 5 of the Dungeon.
             The game lasted 00:03:16 (4107 turns).

Maxmaps the Insei (Octopode Monk)                   Turns: 4107, Time: 00:03:17

Health: 0/52       AC:  2    Str: 10    XL:     7   Next: 48%
Magic:  8/8        EV: 18    Int: 15    God:
Gold:   159        SH:  0    Dex: 14    Spells: 2/7 levels left

rFire   x . .      SeeInvis .      - Unarmed
rCold   . . .      Faith    .    (no shield)
rNeg    . . .      Spirit   .    i - +1 hat
rPois   .          Reflect  .    (no amulet)
rElec   .          Harm     .    o - +4 ring of evasion
rCorr   .          Rampage  .    (no ring)
Will    +....                    (no ring)
Stlth   +++.......               (no ring)
HPRegen 0.00/turn                (no ring)
MPRegen 0.11/turn                (no ring)
                                 (no ring)
                                 (no ring)

@: mighty, inhibited regen
A: almost no armour, amphibious, 8 rings, camouflage 1, gelatinous body 1,
(nimble swimmer 1), tentacles, strong-willed 1, inhibited regeneration, heat
vulnerability 1
a: no special abilities


You were on level 5 of the Dungeon.
You visited 1 branch of the dungeon, and saw 5 of its levels.

You collected 159 gold pieces.

Inventory:

Missiles
 r - 2 throwing nets (quivered)
Armour
 i - a +1 hat (worn)
Jewellery
 o - a +4 ring of evasion (left tentacle)
Wands
 m - a wand of flame (8)
Scrolls
 b - 7 scrolls of teleportation {unknown}
 c - a scroll of poison {unknown}
 e - 3 scrolls of enchant armour {unknown}
 f - 3 scrolls of fear {unknown}
 g - 2 scrolls of enchant weapon {unknown}
 h - a scroll of torment {unknown}
 q - a scroll of vulnerability {unknown}
Potions
 a - a potion of ambrosia
 d - a potion of mutation
 j - a potion of invisibility {unknown}
 k - a potion of berserk rage {unknown}
 l - a potion of might
 n - a potion of curing {unknown}
 p - a potion of resistance {unknown}
 s - a potion of heal wounds {unknown}


   Skills:
 - Level 6.2 Fighting
 - Level 3.0 Dodging
 - Level 2.6 Stealth
 - Level 6.3 Unarmed Combat
 + Level 0.7 Spellcasting


You had 2 spell levels left.
You knew the following spells:

 Your Spells              Type           Power      Damage    Failure   Level
a - Blade Hands           Tmut           0%         N/A       100%        5

Your spell library contained the following spells:

 Spells                   Type           Power      Damage    Failure   Level
 Iron Shot                Conj/Erth      0%         9d1       100%        6
 Animate Armour           Summ/Erth      Unusable   N/A       N/A         4

Dungeon Overview and Level Annotations

Branches:
Dungeon (5/15)
 Temple: D:4-7

Altars:
Ashenzari
Nemelex Xobeh

Annotations:
D:5 3 runed translucent doors, runemasterragnar's ghost, amateur DrTm


Innate Abilities, Weirdness & Mutations

You cannot wear most types of armour.
You are amphibious.
You can wear up to eight rings at the same time.
Your skin changes colour to match your surroundings (Stealth+).
Your rubbery body absorbs attacks. (AC +1, EV +1)
((You are camouflaged when in or above water. (Stealth+)))
You have tentacles for arms and can constrict up to eight enemies at once.
You are strong-willed. (Will+)
You do not regenerate when monsters are visible.
You are vulnerable to heat. (rF-)


Message History

You barely miss the ice beast.
You squeeze the ice beast, but do no damage.
The ice beast is severely wounded.
The hound barely misses you.
The ice beast hits you but does no damage.
The hound misses you.
You tentacle-slap the ice beast.
The ice beast is almost dead.
The ice beast misses you. The hound bites you.
You tentacle-slap the ice beast.
The ice beast is almost dead.
The hound closely misses you. The ice beast hits you.
The ice beast freezes you! The hound bites you.
You are too injured to fight recklessly!
You are too injured to fight recklessly!
You barely miss the ice beast.
The ice beast is almost dead.
The ice beast hits you. The ice beast freezes you!
* * * LOW HITPOINT WARNING * * *
The hound misses you.
You tentacle-slap the ice beast but do no damage.
Your squeeze misses the ice beast.
The ice beast is almost dead.
The hound bites you.
* * * LOW HITPOINT WARNING * * *
The ice beast closely misses you.
Unknown command.
You closely miss the ice beast. You squeeze the ice beast.
The ice beast is almost dead.
The hound bites you.
* * * LOW HITPOINT WARNING * * *
The ice beast closely misses you. The hound misses you.
It was a potion of mutation.
You feel extremely strange.
Your regeneration stops near monsters.
You feel strong-willed.
You feel vulnerable to heat. The hound barely misses you.
The ice beast completely misses you.
It was a potion of might.
You feel very mighty all of a sudden. The hound completely misses you.
The ice beast hits you.
You die...

# .# #. ########.## #.
### #......Y..##..
.###.##.###.....@h......
........................
####..#.###.............
......†.# #.............
.###....# #.............
........# #.............
>..#....###.............
...#....................
........##..........###


You could see an ice beast and a hound.

Vanquished Creatures
  Sigmund (D:2)
  Blork the orc (D:5)
  3 scorpions
  Ijyb (D:3)
  An iguana (D:5)
  5 adders
  6 gnolls
  A worm (D:2)
  A dart slug (D:1)
  13 orcs
  8 endoplasms
  A goblin (D:1)
  2 hobgoblins
  6 jackals
  3 kobolds
  2 quokkas
  4 ball pythons
  4 bats
  A rat (D:3)
64 creatures vanquished.

Notes
Turn   | Place    | Note
-------+----------+-------------------------------------------
     0 | D:1      | Maxmaps the Octopode Monk began the quest for the Orb.
     0 | D:1      | Reached XP level 1. HP: 16/16 MP: 1/1
   289 | D:1      | Reached XP level 2. HP: 21/21 MP: 2/2
   526 | D:1      | Found a faded altar of an unknown god.
  1138 | D:2      | Reached XP level 3. HP: 19/26 MP: 3/3
  1203 | D:2      | Noticed Sigmund
  1341 | D:2      | Killed Sigmund
  1342 | D:2      | Reached XP level 4. HP: 14/31 MP: 4/4
  1342 | D:2      | Reached XP level 5. HP: 16/36 MP: 5/5
  1546 | D:2      | Reached XP level 6. HP: 42/42 MP: 6/6
  2411 | D:3      | Noticed Ijyb
  2492 | D:3      | Killed Ijyb
  3456 | D:4      | Reached skill level 5 in Fighting
  3689 | D:5      | Entered Level 5 of the Dungeon
  3703 | D:5      | Reached XP level 7. HP: 29/50 MP: 7/7
  3800 | D:5      | Learned a level 5 spell: Blade Hands
  3809 | D:5      | Found a runed translucent gate.
  3810 | D:5      | Found a runed translucent gate.
  3810 | D:5      | Found a runed translucent gate.
  3814 | D:5      | Found a sparkling altar of Nemelex Xobeh.
  3889 | D:5      | Found a broken altar of Ashenzari.
  3927 | D:5      | Noticed Blork the orc
  3934 | D:5      | Killed Blork the orc
  4024 | D:5      | Noticed runemasterragnar's ghost (amateur DrTm)
  4105 | D:5      | HP: 1/52 [hound (4)]
  4106 | D:5      | Gained mutation: You do not regenerate when monsters are
                  | visible. [potion of mutation]
  4106 | D:5      | Gained mutation: You are strong-willed. (Will+) [potion of
                  | mutation]
  4106 | D:5      | Gained mutation: You are vulnerable to heat. (rF-) [potion
                  | of mutation]
  4107 | D:5      | Slain by an ice beast

Illustrated notes

Levels and vault maps discovered:
D:1:      sevenhm_arrival_forest_fort_large_2, layout_basic,
          hellmonk_ecumenical_altar_lost_god
D:2:      layout_loops_corners, uniq_sigmund
D:3:      layout_basic, dk_noncrumbling_2, uniq_ijyb
D:4:      layout_gridville, grunt_decor_arrowhead
D:5:      layout_basic, mainiacjoe_overflow_six_doors_small,
          mainiacjoe_overflow_swirl, evilmike_ruin_ashenzari,
          gammafunk_ghost_necromancy, hangedman_abyss_or_decor_lesser_grid,
          uniq_blork_the_orc

Skill      XL: |  1  2  3  4  5  6  7 |
---------------+----------------------+-----
Unarmed Combat | 4 6 |  6.3
Fighting       | 5 6 |  6.2
Dodging        | |  3.0
Stealth        | |  2.6
Spellcasting   | |  0.7

Action                   |  1- 3 |  4- 6 |  7- 9 || total
-------------------------+-------+-------+-------++-------
Melee: Unarmed           |    39 |    89 |    32 ||   160
       Constrict         |    13 |    21 |     4 ||    38
       Tentacles         |     9 |    25 |    10 ||    44
       Punch             |     1 |     7 |     4 ||    12
  Use: Potion            |       |       |     2 ||     2
 Stab: Sleeping          |     4 |    12 |     2 ||    18
Armor: Skin              |       |    13 |     3 ||    16
Dodge: Dodged            |    24 |    52 |    33 ||   109

Table legend: (Time is in decaauts)
 A = Elapsed time spent in this place.
 B = Non-inter-level travel time spent in this place.
 C = Inter-level travel time spent in this place.
 D = Time resting spent in this place.
 E = Time spent auto-exploring this place.
 F = Levels seen in this place.
 G = Mean time per level.
                   A        B        C        D        E       F      G
               +--------+--------+--------+--------+--------+-----+--------+
         Total |   4089 |   3961 |    128 |    634 |   2771 |   5 |  817.8 |
       Dungeon |   4089 |   3961 |    128 |    634 |   2771 |   5 |  817.8 |
               +--------+--------+--------+--------+--------+-----+--------+

Top non-repeatable levels by time:
     D:2: 1237 daAuts
     D:3: 856 daAuts
     D:4: 802 daAuts
     D:1: 780 daAuts
     D:5: 413 daAuts
